 Seeded DCSS version 0.31-a0-66-ge618eeaa78 (webtiles) character file.

Game seed: 1007316256282069755 (custom seed)

182052 edwardauron the Tortoise (level 17, -1/202 (213) HPs)
             Began as a Demonspawn Fighter on May 22, 2023.
             Was an Initiate of Gozag.
             Killed from afar by a ghostly deep elf death mage (34 damage)
             ... with a bolt of negative energy
             ... on level 3 of the Elven Halls.
             The game lasted 00:45:25 (31465 turns).

edwardauron the Tortoise (Demonspawn Fighter)      Turns: 31465, Time: 00:45:26

HP:   -1/202 (213)  AC: 36    Str: 31    XL:     17   Next: 69%
MP:   17/17         EV: 19    Int: 11    God:    Gozag
Gold: 146           SH: 20    Dex: 23    Spells: 16/16 levels left

rFire   + + .        a - +6 broad axe (heavy)
rCold   + + +        B - +0 kite shield
rNeg    . . .        h - +6 storm dragon scales
rPois   +            (helmet unavailable)
rElec   +            l - +2 cloak
rCorr   +            k - +2 pair of gloves
SInv    +            C - +0 pair of boots of Elyvilon's Grace {-Cast Fly rC+++ Str+3}
Will    +++..        g - amulet of Yxoniton {Reflect Dex+4 SH+5} Stlth
                     P - ring of protection from fire
HPRegen 0.53/turn    x - ring of Bahe {Will+ Str+5 Dex+6}
MPRegen 0.15/turn

%: no spellcasting, reflection
@: berserking, resistant, gold aura, enlightened, flying, hasted, studying
Armour, lightly drained, very quick
A: antennae 3, slimy green scales 3, ignite blood 2, spiny 2, hooves 1
a: Renounce Religion, Potion Petition, Call Merchant, Bribe Branch


You were on level 3 of the Elven Halls.
You worshipped Gozag.
Gozag was aware of your devotion.
You visited 4 branches of the dungeon, and saw 25 of its levels.
You visited the Abyss 1 time.
You also visited: Gauntlet and Ice Cave.

You collected 11178 gold pieces.
You spent 3985 gold pieces at shops.
You paid 7047 gold pieces to Gozag.

Inventory:

Hand Weapons
 a - a +6 heavy broad axe (weapon)
 b - the +6 flail "Digiekly" {freeze, rElec}
   (You found it on level 5 of the Lair of Beasts)

   rElec:     It insulates you from electricity.
 n - a +0 orcbow
 q - the +3 Elemental Staff {rElec rF+ rC+ AC+3}
   (You acquired it on level 13 of the Dungeon)

   It enhances your fire, ice, earth and air magic.
   AC:        It affects your AC (+3).
   rF:        It protects you from fire.
   rC:        It protects you from cold.
   rElec:     It insulates you from electricity.
Missiles
 d - 4 throwing nets (quivered)
Armour
 h - +6 storm dragon scales (worn)
 k - a +2 pair of gloves (worn)
 l - a +2 cloak (worn)
 B - a +0 kite shield (worn)
 C - the +0 pair of boots of Elyvilon's Grace (worn) {-Cast Fly rC+++ Str+3}
   (You acquired it on level 11 of the Dungeon)

   Str:       It affects your strength (+3).
   rC:        It renders you almost immune to cold.
   Fly:       It grants you flight.
   -Cast:     It prevents spellcasting.
 L - a +3 crystal plate armour
 Q - the +8 plate armour "Hiugozenne" {-Tele rElec Dex+4}
   (You bought it in a shop on level 3 of the Elven Halls)

   Dex:       It affects your dexterity (+4).
   rElec:     It insulates you from electricity.
   -Tele:     It prevents most forms of teleportation.
Jewellery
 g - the amulet of Yxoniton (around neck) {Reflect Dex+4 SH+5}
   (You acquired it on level 6 of the Dungeon)

   [amulet of reflection]

   It reflects blocked missile attacks.
   Dex:       It affects your dexterity (+4).
   SH:        It affects your SH (+5).
 x - the ring of Bahe (right hand) {Will+ Str+5 Dex+6}
   (You acquired it on level 2 of the Orcish Mines)

   [ring of dexterity]

   Str:       It affects your strength (+5).
   Dex:       It affects your dexterity (+6).
   Will:      It increases your willpower.
 K - the necklace of Bloodlust {Fury *Rage Will++ Int-3 Slay+6}
   (You found it on level 14 of the Dungeon)

   [amulet of nothing]

   Fury:      It extends the wearer's berserk rage when killing foes.
   Int:       It affects your intelligence (-3).
   Slay:      It affects your accuracy & damage with ranged weapons and melee
   (+6).
   *Rage:     It berserks you when you make melee attacks (+50% chance).
   Will:      It greatly increases your willpower.
 P - a ring of protection from fire (left hand)
Wands
 f - a wand of light (22)
 s - a wand of mindburst (18)
 E - a wand of flame (48)
 F - a wand of iceblast (11)
 N - a wand of paralysis (5)
Scrolls
 e - 5 scrolls of teleportation
 i - 5 scrolls of identify
 j - 4 scrolls of fog
 m - 3 scrolls of amnesia
 o - 4 scrolls of poison
 v - a scroll of blinking
 y - a scroll of fear
 J - a scroll of silence
Potions
 p - 3 potions of attraction
 r - a potion of cancellation
 t - 3 potions of brilliance
 u - 4 potions of curing
 w - 3 potions of mutation
 z - 2 potions of enlightenment
 M - 2 potions of haste
Miscellaneous
 c - a box of beasts (inert)
 G - a lightning rod (4/4)


   Skills:
 + Level 15.3 Fighting
 + Level 13.9 Axes
 + Level 15.8 Armour
 - Level 13.5 Dodging
 + Level 14.1 Shields


You had 16 spell levels left.
You didn't know any spells.
Your spell library contained the following spells:

 Spells                   Type           Power      Damage    Failure   Level
 Blink                    Tloc           0%         N/A       92%         2
 Ensorcelled Hibernation  Hex/Ice        0%         N/A       92%         2
 Lesser Beckoning         Tloc           0%         N/A       92%         2
 Momentum Strike          Conj/Tloc      0%         3d8       92%         2
 Passwall                 Tmut/Erth      0%         N/A       92%         2
 Gell's Gravitas          Tloc           0%         N/A       99%         3
 Inner Flame              Hex/Fire       0%         N/A       99%         3
 Ozocubu's Armour         Ice            0%         N/A       99%         3
 Summon Guardian Golem    Hex/Summ       0%         N/A       99%         3
 Swiftness                Air            0%         N/A       99%         3
 Teleport Other           Tloc           0%         N/A       99%         3
 Flame Wave               Conj/Fire      0%         2d4       100%        4
 Sticky Flame             Conj/Fire      0%         2d3       100%        4
 Fireball                 Conj/Fire      0%         3d3       100%        5
 Iskenderun's Battlesphe  Conj           0%         2d6       100%        5
 Metabolic Englaciation   Hex/Ice        0%         N/A       100%        5
 Conjure Ball Lightning   Conj/Air       0%         3x3d6     100%        6
 Dispersal                Tloc           0%         N/A       100%        6
 Malign Gateway           Summ/Tloc      0%         N/A       100%        7
 Orb of Destruction       Conj           0%         9d5       100%        7
 Summon Horrible Things   Summ           0%         N/A       100%        8
 Dragon's Call            Summ           0%         N/A       100%        9
 Simulacrum               Ice/Necr       Unusable   N/A       N/A         6

Dungeon Overview and Level Annotations

Branches:
Dungeon (15/15)            Temple (0/1) D:6            Lair (5/5) D:11
  Swamp (0/4) Lair:2       Spider (0/4) Lair:2        Slime (0/5) Lair:4
    Orc (2/2) D:9             Elf (3/3) Orc:2        Vaults (0/5) D:14
 Depths (0/4) D:15          IceCv (visited)         Gauntlet (visited)

Altars:
Ashenzari
Gozag
Hepliaklqana
Kikubaaqudgha
Makhleb
Ru
Sif Muna
Trog
Vehumet
Jiyva

Shops:
D:3 (   D:7 (   D:13 *   D:15 *   Orc:2 (=*=(   Elf:1 !(::   Elf:3 [**
Lair:5 (

Annotations:
D:4 2 transporters
Elf:2 3 runed translucent doors


Innate Abilities, Weirdness & Mutations

You have a pair of large antennae on your head. (SInv)
You are completely covered in slimy green scales. (AC +4, rPois)
Your demonic aura often causes spilled blood to erupt in flames.
You are mostly covered in sharp spines.
You have large cloven feet.


Message History

* * * LOW HITPOINT WARNING * * *
Your life force feels restored.
You closely miss the deep elf blademaster.
The deep elf blademaster is almost dead.
You slash the earth elemental! You miss the deep elf death mage.
The deep elf archer shoots an arrow.
You block the arrow with an invisible shield... and reflect it back!
The arrow hits the deep elf archer!
You block the deep elf blademaster's attack.
The deep elf blademaster hits you but does no damage.
The deep elf death mage beckons forth a restless soul!
The deep elf sorcerer howls an incantation.
The deep elf sorcerer glows brightly for a moment.
The deep elf elementalist points next to you and mumbles some strange words.
Some walls begin to move on their own!
You open the deep elf blademaster like a pillowcase!!!
The lost soul assumes the form of the deep elf blademaster and becomes anchored to this world!
You slash the earth elemental! You hit the earth elemental.
You slice the deep elf death mage!!
The lost soul assumes the form of the deep elf death mage and becomes anchored to this world!
You block the ghostly deep elf blademaster's attack.
The ghostly deep elf blademaster splashes around in the water.
A +0 halberd of venom comes into view.
The earth elemental is struck by your spines.
You destroy the earth elemental!
The earth elemental disappears in a puff of smoke!
A deep elf zephyrmancer comes into view.
It is wielding a +0 long sword.
A deep elf high priest comes into view. It is wielding a +0 long sword.
You completely miss the ghostly deep elf death mage.
You completely miss the ghostly deep elf blademaster.
You slice the earth elemental!!
The deep elf sorcerer is distracted by your dazzling golden aura.
The deep elf elementalist is distracted by your dazzling golden aura.
The ghostly deep elf blademaster is engulfed in blazing flames.
The ghostly deep elf blademaster completely misses you.
You block the ghostly deep elf blademaster's attack.
The ghostly deep elf death mage points at you and mumbles some strange words.
The bolt of negative energy hits you!!
You feel drained.
You die...
Your body crumbles into a pile of gold.

##### ##{{...8.8<.##
###...####.{#...e∩..##
##.......#'####..8.8##
...........# ##'..##
......P....# #e###
...........# #E###
..P.[......# ##..E#
...........# #....#
)....<.....# #E@e#
...........# {#e$§#
#+.......#####eeEe####
.###...####..2eeee....#
## ##### ..$.4ee....# #
##.........##
#.....(...# #
#.$$.e...## #
.#......∩#


You could see a ghostly deep elf blademaster, a deep elf master archer, 3 deep
elf annihilators, a deep elf death mage, a ghostly deep elf death mage, a deep
elf sorcerer (fast, unaware), 2 deep elf elementalists, a deep elf demonologist,
a deep elf archer (repels missiles), a deep elf high priest, 4 earth elementals,
a deep elf zephyrmancer, a tormentor (summoned), a red devil (summoned) and a +0
halberd of venom.

Vanquished Creatures
  Bai Suzhen (Elf:3)
  A deep elf blademaster (Elf:3)
  A deep elf master archer (Elf:3)
  An Executioner (Abyss:3)
  A tentacled starspawn (Abyss:4)
  A daeva (Abyss:4)
  2 deep elf sorcerers (Elf:3)
  3 frost giants (IceCv)
  6 deep elf elementalists
  An orc warlord (Elf:1)
  3 deep elf annihilators (Elf:3)
  4 deep elf demonologists
  A minotaur (Gauntlet)
  A white draconian (IceCv)
  3 deep elf death magi
  2 fire dragons
  A deep elf high priest (Elf:3)
  6 ice dragons
  7 hydras
  A rakshasa (D:15)
  9 ironbound frosthearts (IceCv)
  4 ogre magi (Orc:2)
  24 two-headed ogres
  A boulder beetle (Lair:2)
  19 dancing weapons
  A two-headed ogre (shapeshifter) (Elf:2)
  2 centaur warriors (D:15)
  8 death yaks (Lair:5)
  A catoblepas (Lair:5)
  A tengu warrior (D:15)
  6 thrashing horrors
  5 orc high priests
  2 skysharks
  A fire crab (Lair:5)
  5 deep elf knights
  2 soul eaters (Abyss:3)
  An iron troll (D:14)
  4 skeletal warriors (D:13)
  2 wretched stars
  10 deep elf archers
  3 lindwurms
  An orange crystal statue (IceCv)
  2 deep trolls (D:14)
  25 deep elf zephyrmancers
  3 orc knights (Elf:1)
  19 deep elf pyromancers
  3 wolf spiders
  3 manticores
  21 ugly things
  A manticore (shapeshifter) (Elf:2)
  2 orc sorcerers
  3 cyclopes
  A worldbinder (Abyss:3)
  4 black mambas
  5 torpor snails (Lair:5)
  8 elephants (Lair:5)
  An unseen horror (shapeshifter) (D:15)
  An ice statue (D:12)
  11 cane toads
  2 apocalypse crabs (Abyss:3)
  Maggie (D:8)
  A rime drake (shapeshifter) (Elf:2)
  11 rime drakes
  2 efreet (D:14)
  11 komodo dragons
  3 kobold demonologists
  A freezing wraith (D:14)
  A tengu conjurer (D:14)
  A meliai (shapeshifter) (D:14)
  3 trolls
  9 starcursed masses
  6 meliai
  A silent spectre (D:14)
  A queen bee (D:13)
  3 tyrant leeches (Lair:5)
  8 polar bears (IceCv)
  A wolf spider simulacrum (D:14)
  4 blink frogs
  Prince Ribbit (D:7)
  7 hornets (Lair:5)
  A blink frog (shapeshifter) (Abyss:3)
  8 raiju
  3 dream sheep (Lair:5)
  A large abomination (Abyss:3)
  3 centaur simulacra
  An air elemental (Elf:3)
  3 culicivoras (Lair:2)
  6 slime creatures (D:14)
  13 wyverns
  A vampire (D:13)
  5 shadows
  4 water elementals
  24 yaks
  A wraith (D:12)
  8 basilisks
  3 vampire mosquitoes (D:11)
  2 chaos spawn
  2 steam dragons
  2 wargs
  2 acid dragons (D:10)
  2 swamp worms (Gauntlet)
  16 water moccasins
  A swamp drake (shapeshifter) (D:15)
  23 orc warriors
  4 ice beasts (D:14)
  A black bear (D:3)
  18 wolves
  A wolf (shapeshifter) (Elf:1)
  28 ogres
  19 centaurs
  7 kobold brigands
  A gnoll sergeant (D:9)
  8 bullfrogs
  2 scorpions
  2 earth elementals
  11 wights
  3 small abominations
  22 killer bees (D:13)
  5 howler monkeys
  4 electric eels
  3 jellies
  17 orc priests
  3 hounds
  A gnoll bouda (D:6)
  An iron imp (Abyss:3)
  2 sleepcaps
  8 iguanas
  18 orc wizards
  18 gnolls
  6 adders
  9 white imps
  3 ufetubi
  2 worms (D:2)
  A dart slug (D:1)
  85 orcs
  12 endoplasms
  7 goblins
  5 hobgoblins
  8 jackals (D:1)
  4 quokkas
  9 ball pythons
  8 bats
  37 kobolds
  6 rats
  A starspawn tentacle (Abyss:4)
895 creatures vanquished.

Vanquished Creatures (collateral kills)
  An ogre mage (D:14)
  A two-headed ogre (D:14)
2 creatures vanquished.

Vanquished Creatures (others)
  A deep troll earth mage (D:14)
  A deep elf knight (Elf:2)
  A deep elf archer (Elf:2)
  A deep elf zephyrmancer (Elf:2)
  An orc wizard (D:10)
  An orc (D:9)
  A lurking horror (Abyss:3)
  A starspawn tentacle (Abyss:4)
8 creatures vanquished.

Grand Total: 905 creatures vanquished

Notes
Turn   | Place    | Note
-------+----------+-------------------------------------------
     0 | D:1      | edwardauron the Demonspawn Fighter began the quest for the
                  | Orb.
     0 | D:1      | Reached XP level 1. HP: 18/18 MP: 1/1
    94 | D:1      | Found a faded altar of an unknown god.
   100 | D:1      | Prayed at the altar of an unknown god.
   100 | D:1      | Became a worshipper of Gozag Ym Sagoz the Greedy
   190 | D:1      | Gained mutation: You are partially covered in sharp spines.
                  | [demonic ancestry]
   190 | D:1      | Reached XP level 2. HP: 18/24 MP: 2/2
   619 | D:1      | Reached XP level 3. HP: 14/29 MP: 3/3
  1573 | D:3      | Gained mutation: You are mostly covered in sharp spines.
                  | [demonic ancestry]
  1573 | D:3      | Reached XP level 4. HP: 27/36 MP: 4/4
  1798 | D:3      | Found a large runed translucent door.
  1799 | D:3      | Found a large runed translucent door.
  1938 | D:3      | Found Jygutum's Antique Weapon Shoppe.
  2014 | D:3      | Noticed a black bear
  2026 | D:3      | Killed a black bear
  2027 | D:3      | Gained mutation: Your demonic aura sometimes causes spilled
                  | blood to erupt in flames. [demonic ancestry]
  2027 | D:3      | Reached XP level 5. HP: 22/42 MP: 5/5
  2202 | D:3      | Found a bloodstained altar of Trog.
  2395 | D:3      | Found a burning altar of Makhleb.
  2405 | D:3      | Found a shimmering blue altar of Sif Muna.
  2995 | D:4      | Gained mutation: You have a pair of small antennae on your
                  | head. [demonic ancestry]
  2995 | D:4      | Reached XP level 6. HP: 48/48 MP: 6/6
  3156 | D:4      | Noticed a water moccasin
  3169 | D:4      | Noticed a steam dragon
  3248 | D:4      | Found a transporter.
  3251 | D:4      | Found a transporter.
  3261 | D:4      | Found an opulent altar of Gozag.
  3446 | D:5      | Entered Level 5 of the Dungeon
  3792 | D:5      | Gained mutation: You have a pair of antennae on your head.
                  | [demonic ancestry]
  3792 | D:5      | Reached XP level 7. HP: 55/55 MP: 7/7
  3985 | D:5      | Noticed a wyvern
  3989 | D:5      | Killed a wyvern
  3990 | D:5      | Reached skill level 5 in Fighting
  4505 | D:6      | Reached skill level 5 in Armour
  4507 | D:6      | Gained mutation: You have a pair of large antennae on your
                  | head. (SInv) [demonic ancestry]
  4507 | D:6      | Reached XP level 8. HP: 52/63 MP: 8/8
  4511 | D:6      | Reached skill level 5 in Shields
  4589 | D:6      | Found a staircase to the Ecumenical Temple.
  4743 | D:6      | Identified a scroll of acquirement
  4743 | D:6      | Acquired the amulet of Yxoniton {Reflect Dex+4 SH+5}
  5246 | D:7      | Noticed Prince Ribbit
  5264 | D:7      | Killed Prince Ribbit
  5265 | D:7      | Reached skill level 5 in Axes
  5538 | D:7      | Found Coxeuc's Antique Weapon Shop.
  5787 | D:8      | Noticed Maggie
  5797 | D:8      | Killed Maggie
  5798 | D:8      | Reached XP level 9. HP: 7/71 MP: 9/9
  6179 | D:8      | Noticed a two-headed ogre
  6184 | D:8      | Killed a two-headed ogre
  6994 | D:9      | Reached XP level 10. HP: 34/80 MP: 10/10
  7312 | D:9      | Found a staircase to the Orcish Mines.
  7516 | D:9      | Found an ancient bone altar of Kikubaaqudgha.
  7525 | D:9      | Found a broken altar of Ashenzari.
  8182 | D:10     | Entered Level 10 of the Dungeon
  9048 | D:11     | Reached XP level 11. HP: 74/89 MP: 11/11
  9129 | D:11     | Found a staircase to the Lair.
  9347 | D:11     | Noticed a two-headed ogre
  9351 | D:11     | Killed a two-headed ogre
  9410 | D:11     | Identified the +3 sling "Lasil" {elec, rF+ Will- Dex+4}
  9630 | D:11     | Identified the +0 leather armour "Vorphes" {Rampage rPois
                  | rC- Int+5}
  9651 | D:11     | Acquired the +0 pair of boots of Elyvilon's Grace {-Cast
                  | Fly rC+++ Str+3}
  9862 | Lair:1   | Entered Level 1 of the Lair of Beasts
 10398 | Lair:1   | Reached skill level 10 in Fighting
 11016 | Lair:2   | Noticed a seven-headed hydra
 11027 | Lair:2   | Killed a nine-headed hydra
 11474 | Lair:2   | Found a hole to the Spider Nest.
 11933 | Lair:2   | Noticed a boulder beetle
 11992 | Lair:2   | Killed a boulder beetle
 11993 | Lair:2   | Gained mutation: You are partially covered in slimy green
                  | scales. (AC +2) [demonic ancestry]
 11993 | Lair:2   | Reached XP level 12. HP: 92/98 MP: 12/12
 12061 | Lair:2   | Found a staircase to the Swamp.
 12062 | Lair:2   | Noticed an eight-headed hydra
 12070 | Lair:2   | Killed an 11-headed hydra
 13073 | Lair:3   | You are sucked into a shaft and drop 1 floor!
 13141 | Lair:4   | Reached skill level 10 in Armour
 13479 | Lair:4   | Reached skill level 10 in Shields
 14255 | Lair:3   | Reached skill level 10 in Axes
 14711 | Lair:4   | Found a staircase to the Slime Pits.
 14723 | Lair:4   | Found a viscous altar of Jiyva.
 15119 | Lair:5   | Entered Level 5 of the Lair of Beasts
 15460 | Lair:5   | Reached skill level 1 in Dodging
 15495 | Lair:5   | Identified the +6 flail "Digiekly" {freeze, rElec}
 15621 | Lair:5   | Gained mutation: Your demonic aura often causes spilled
                  | blood to erupt in flames. [demonic ancestry]
 15621 | Lair:5   | Reached XP level 13. HP: 106/106 MP: 13/13
 15804 | Lair:5   | Reached skill level 5 in Dodging
 17453 | Lair:5   | Found a runed translucent door.
 17453 | Lair:5   | Noticed a fire dragon
 17476 | Lair:5   | Killed a fire dragon
 17691 | Lair:5   | Reached skill level 10 in Dodging
 17706 | Lair:5   | HP: 7/159 [tyrant leech (7)]
 18059 | Lair:5   | Gained mutation: You are mostly covered in slimy green
                  | scales. (AC +3) [demonic ancestry]
 18059 | Lair:5   | Reached XP level 14. HP: 102/114 MP: 14/14
 18336 | D:12     | Found a sacrificial altar of Ru.
 18354 | D:12     | Found a gate leading to a gauntlet.
 18363 | Gauntlet | Entered a Gauntlet
 18363 | Gauntlet | Found a transporter.
 18380 | Gauntlet | Found a transporter.
 18392 | Gauntlet | Found a transporter.
 18397 | Gauntlet | Found a transporter.
 18412 | Gauntlet | Found a transporter.
 18431 | Gauntlet | Found a transporter.
 18443 | Gauntlet | Found a transporter.
 18455 | Gauntlet | Found a transporter.
 18463 | Gauntlet | Found a large runed translucent door.
 18464 | Gauntlet | Found a large runed translucent door.
 18465 | Gauntlet | Found a large runed translucent door.
 18465 | Gauntlet | Found a large runed translucent door.
 18465 | Gauntlet | Noticed a cacodemon
 18466 | Gauntlet | Found a runed translucent gate.
 18467 | Gauntlet | Found a transporter.
 18467 | Gauntlet | Found a runed translucent gate.
 18468 | Gauntlet | Found a runed translucent gate.
 18469 | Gauntlet | Found a large runed translucent door.
 18469 | Gauntlet | Found a large runed translucent door.
 18470 | Gauntlet | Found a large runed translucent door.
 18471 | Gauntlet | Found a large runed translucent door.
 18479 | Gauntlet | Found a transporter.
 18498 | Gauntlet | Found a transporter.
 18509 | Gauntlet | Found a large runed translucent door.
 18510 | Gauntlet | Found a large runed translucent door.
 18511 | Gauntlet | Found a large runed translucent door.
 18511 | Gauntlet | Found a large runed translucent door.
 18512 | Gauntlet | Found a runed translucent door.
 18513 | Gauntlet | Found a transporter.
 18514 | Gauntlet | Found a runed translucent door.
 18515 | Gauntlet | Found a transporter.
 18515 | Gauntlet | Found a large runed translucent door.
 18515 | Gauntlet | Found a large runed translucent door.
 18516 | Gauntlet | Found a large runed translucent door.
 18540 | Gauntlet | Found a transporter.
 18542 | Gauntlet | Found a transporter.
 18562 | Gauntlet | Found a transporter.
 18658 | Gauntlet | Found a transporter.
 18674 | Gauntlet | Found a large runed translucent door.
 18796 | Gauntlet | Found a transporter.
 18946 | Gauntlet | Identified the +0 pair of boots "Herof" {rN+ Str-2 Int+6}
 19544 | D:12     | Gained mutation: You have large cloven feet. [a neqoxec]
 20138 | D:13     | Found a hazy altar of Hepliaklqana.
 20160 | D:13     | HP: 1/115 [skeletal warrior/+0 war axe (6)]
 21447 | D:13     | Found Fam Zube's General Store.
 22048 | D:13     | Acquired the +3 Elemental Staff {rElec rF+ rC+ AC+3}
 22048 | D:13     | Found the +3 Elemental Staff {rElec rF+ rC+ AC+3}
 22186 | D:14     | Found a gate to the Vaults.
 22342 | D:14     | Found a frozen archway.
 22357 | IceCv    | Entered an ice cave
 22538 | IceCv    | Noticed a frost giant
 22538 | IceCv    | Noticed a frost giant
 22538 | IceCv    | Noticed a frost giant
 22554 | IceCv    | Killed a frost giant
 22575 | IceCv    | Killed a frost giant
 22577 | IceCv    | Killed a frost giant
 22914 | IceCv    | Reached XP level 15. HP: 113/122 MP: 15/15
 23929 | D:14     | Found a transporter.
 23936 | D:14     | Found a transporter.
 23942 | D:14     | Found a runed translucent door.
 23942 | D:14     | Found a bloodstained altar of Trog.
 23942 | D:14     | Found the necklace of Bloodlust {Fury *Rage Will++ Int-3
                  | Slay+6}
 24159 | D:14     | Identified the +4 great sword of the Nexus {freeze, *Slow
                  | Int+6 Dex+3}
 24377 | D:14     | HP: 4/123 [enormous slime creature (44)]
 24875 | D:15     | Entered Level 15 of the Dungeon
 24902 | D:15     | Found Loeh's General Store.
 25091 | D:15     | Bought a scroll of enchant armour for 120 gold pieces
 25402 | D:15     | Found a staircase to the Depths.
 25636 | D:15     | Found a radiant altar of Vehumet.
 25857 | Orc:1    | Entered Level 1 of the Orcish Mines
 26461 | Orc:2    | Entered Level 2 of the Orcish Mines
 26835 | Orc:2    | Reached XP level 16. HP: 56/132 MP: 16/16
 27097 | Orc:2    | Found Dosch's Assorted Antiques.
 27097 | Orc:2    | Found Dani Ire's Weapon Shop.
 27099 | Orc:2    | Found Kexast's Jewellery Boutique.
 27099 | Orc:2    | Found Veju's Jewellery Shoppe.
 27144 | Orc:2    | Bought a scroll of acquirement for 1612 gold pieces
 27208 | Orc:2    | Found a staircase to the Elven Halls.
 27210 | Orc:2    | Found Enloozog's Antique Weapon Shoppe.
 27234 | Orc:2    | Acquired the ring of Bahe {Will+ Str+5 Dex+6}
 27668 | Elf:1    | Entered Level 1 of the Elven Halls
 27878 | Elf:1    | Found Wasoc's Book Emporium.
 27880 | Elf:1    | Found Koffein's Weapon Shoppe.
 27883 | Elf:1    | Found Daqapreupn's Distillery.
 27890 | Elf:1    | Bought 2 potions of haste for 320 gold pieces
 27890 | Elf:1    | Bought a potion of curing for 48 gold pieces
 27890 | Elf:1    | Bought a potion of heal wounds for 80 gold pieces
 27890 | Elf:1    | Bought a potion of heal wounds for 80 gold pieces
 27890 | Elf:1    | Bought a potion of curing for 48 gold pieces
 28250 | Elf:1    | Got the Verses on Convocation
 28251 | Elf:1    | Found Saacenk's Book Boutique.
 28637 | Elf:1    | Identified the +1 leather armour of the Known World {rPois
                  | rF+ Dex+4 Stlth-}
 29173 | Elf:2    | Noticed a Hell Sentinel
 29182 | Elf:2    | Noticed an Executioner
 29806 | Elf:2    | Gained mutation: You are completely covered in slimy green
                  | scales. (AC +4, rPois) [demonic ancestry]
 29806 | Elf:2    | Reached XP level 17. HP: 140/140 MP: 17/17
 29838 | Elf:2    | Found a runed translucent gate.
 29839 | Elf:2    | Found a runed translucent gate.
 29839 | Elf:2    | Found a runed translucent gate.
 30102 | Elf:3    | Entered Level 3 of the Elven Halls
 30124 | Elf:3    | Paralysed by an air elemental for 1 turns
 30238 | Orc:2    | Bought a ring of protection from fire for 350 gold pieces
 30316 | Elf:3    | Found Ovaem's Antique Armour Emporium.
 30365 | Elf:3    | Bought a pair of embroidered gloves for 255 gold pieces
 30365 | Elf:3    | Bought a brightly glowing plate armour for 952 gold pieces
 30365 | Elf:3    | Identified the +8 plate armour "Hiugozenne" {-Tele rElec
                  | Dex+4} (You bought it in a shop on level 3 of the Elven
                  | Halls)
 30447 | Elf:3    | Found Hamif's General Store.
 30466 | Elf:3    | Reached skill level 15 in Armour
 30548 | Abyss:3  | Found a corrupted altar of Lugonu.
 30548 | Abyss:3  | Cast into level 3 of the Abyss (a deep elf sorcerer)
 30753 | Abyss:3  | Found a corrupted altar of Lugonu.
 30837 | Abyss:4  | Reached skill level 15 in Fighting
 30877 | Elf:3    | Escaped the Abyss
 30878 | Elf:3    | HP: 1/142 [deep elf sorcerer/bolt of acid (17)]
 31065 | Elf:3    | Noticed a deep elf master archer
 31065 | Elf:3    | HP: 5/142 [deep elf high priest/divine providence (11)]
 31407 | Elf:3    | Found Vagohan's General Store.
 31421 | Elf:3    | Bought a scroll of enchant armour for 120 gold pieces
 31428 | Elf:3    | Noticed a deep elf master archer
 31429 | Elf:3    | Noticed Bai Suzhen
 31430 | Elf:3    | Noticed a deep elf blademaster
 31440 | Elf:3    | Killed a deep elf master archer
 31442 | Elf:3    | Killed a deep elf blademaster
 31447 | Elf:3    | Noticed a deep elf blademaster
 31449 | Elf:3    | Killed Bai Suzhen
 31462 | Elf:3    | Killed the ghostly Bai Suzhen
 31464 | Elf:3    | Killed a deep elf blademaster
 31465 | Elf:3    | Killed from afar by a ghostly deep elf death mage

Illustrated notes

Levels and vault maps discovered:
D:1:      psy_arrival_statuary, layout_basic,
          dreamdust_ecumenical_altar_angels_and_demons
D:2:      layout_loops_ring
D:3:      layout_basic, mainiacjoe_overflow_alcove_1, jmf_multi_god_temple2,
          serial_shops, shop
D:4:      layout_loops_corners, gammafunk_temple_overflow_arena,
          grunt_ministairs_9, hangedman_abyss_or_decor_stagger
D:5:      layout_loops_corners
D:6:      layout_basic, minmay_temple_entry_poolview, kennysheep_generic_room_5
D:7:      layout_basic, nicolae_take_the_stairs, uniq_prince_ribbit1
D:8:      layout_loops_ring, uniq_maggie
D:9:      layout_basic, mainiacjoe_overflow_swirl, erik_orc_4
D:10:     layout_rooms
D:11:     layout_roguey, minmay_lair_entry_grove
D:12:     layout_loops_ring, gauntlet_entry_generic, minivault_16,
          nicolae_ru_sacrificial_ziggurat
D:13:     layout_roguey [special_room_bee], serial_shops, nicolae_shop_trees,
          nicolae_hepliaklqana_hazy_memory
D:14:     emtedronai_trogs_sanctum, layout_small_grid, david_vaults_2,
          serial_ice, serial_ice_j, serial_ice_h, serial_ice_c, serial_ice_d,
          serial_ice_m, serial_ice_o, serial_ice_f, serial_ice_b, serial_ice_g,
          serial_ice_e, portal_ice_cave_entry_dragon
D:15:     grunt_enter_depths_hoard, layout_cave_pools, serial_shops, shop,
          nicolae_vehumet_altar_sigil
Lair:1:   layout_roguey
Lair:2:   layout_cave_pods, minmay_swamp_entry_reptiles,
          hellmonk_spider_entry_life_and_decay, serial_bayou_crossing,
          serial_bayou_shore_a, lemuel_fruit_fields
Lair:3:   wander_river, layout_regular_city, grunt_megastairs_1
Lair:4:   layout_cave_pods, nicolae_slime_entry_field_trip
Lair:5:   hangedman_lair_in_review, layout_cave_pods, wormcave,
          lemuel_old_faithful
Orc:1:    layout_caves, basic_altar
Orc:2:    st_orc_ogre_mass, layout_diamond_mine, serial_shops, shop,
          kennysheep_orc_chapel
Elf:1:    eino_elf_arrival_sip, layout_gridlike, special_room
          [special_room_orc], serial_shops, shop,
          hangedman_elven_crosses_minicolossus, minmay_elf_demonology,
          grunt_megastairs_2, minmay_shop_star
Elf:2:    nicolae_elf_blades_crystal_corner, layout_geoelf_grid,
          lemuel_flamethrower_2
Elf:3:    minmay_elf_hall_four_x, layout_geoelf_diagonals, serial_corexii_hall,
          corexii_hall_statues_t, corexii_hall_statues_i,
          chequers_hall_statues_y, corexii_hall_statues_t, serial_shops, shop,
          nicolae_shop_tiny_statue_garden, nicolae_shop_rolling_square, shop,
          uniq_bai_suzhen

Skill      XL: |  1  2  3  4  5  6  7  8  9 10 11 12 13 14 15 16 17 |
---------------+----------------------------------------------------+-----
Axes           | 2 3 4 5 6 8 9 10 11 12 13 | 13.9
Armour         | 3 4 5 6 7 8 9 10 11 13 14 15 | 15.8
Shields        | 3 4 6 7 8 9 10 11 12 13 14 | 14.1
Fighting       | 4 5 6 7 9 10 11 12 13 14 15 | 15.3
Dodging        | 2 10 11 12 13 | 13.5

Action                     |  1- 3 |  4- 6 |  7- 9 | 10-12 | 13-15 | 16-18 || total
---------------------------+-------+-------+-------+-------+-------+-------++-------
  Melee: War axe           |    81 |    82 |   103 |       |       |       ||   266
         Broad axe         |       |       |    65 |   385 |   783 |   381 ||  1614
         Flail             |       |       |       |       |    16 |       ||    16
 Invoke: Potion Petition   |       |       |     1 |       |     3 |     9 ||    13
         Call Merchant     |       |       |       |       |     1 |       ||     1
  Evoke: Wand              |       |       |       |     5 |       |     1 ||     6
         Lightning rod     |       |       |       |       |     1 |       ||     1
         Box of beasts     |       |       |       |       |       |     1 ||     1
    Use: Potion            |       |     1 |     5 |       |    14 |    11 ||    31
         Scroll            |       |     4 |    12 |    10 |    23 |     7 ||    56
   Stab: Distracted        |       |     1 |     2 |     2 |     5 |     6 ||    16
         Invisible         |       |       |       |     1 |       |     4 ||     5
         Petrified         |       |       |       |       |     3 |       ||     3
         Petrifying        |       |       |       |       |       |     1 ||     1
 Armour: Scale mail        |    34 |    31 |    50 |   143 |   111 |       ||   369
         Skin              |       |       |       |       |     3 |       ||     3
         Storm dragon scal |       |       |       |       |   180 |   194 ||   374
  Dodge: Dodged            |    20 |    33 |    85 |   118 |   421 |   182 ||   859
  Block: Buckler           |     9 |    14 |   104 |    86 |       |       ||   213
         Reflection        |       |       |     3 |    23 |    13 |    32 ||    71
         Kite shield       |       |       |       |   308 |   728 |   322 ||  1358

Table legend: (Time is in decaauts)
 A = Elapsed time spent in this place.
 B = Non-inter-level travel time spent in this place.
 C = Inter-level travel time spent in this place.
 D = Time resting spent in this place.
 E = Time spent auto-exploring this place.
 F = Levels seen in this place.
 G = Mean time per level.
                   A        B        C        D        E       F      G
               +--------+--------+--------+--------+--------+-----+--------+
         Total |  32236 |  30130 |   2106 |   4682 |  19382 |  29 | 1111.6 |
       Dungeon |  15570 |  14499 |   1071 |   1837 |   9706 |  15 | 1038.0 |
          Lair |   8919 |   8198 |    721 |   1136 |   5956 |   5 | 1783.8 |
  Orcish Mines |   2029 |   1872 |    157 |    151 |   1377 |   2 | 1014.5 |
   Elven Halls |   3527 |   3371 |    156 |   1179 |   1395 |   3 | 1175.7 |
         Abyss |    352 |    352 |      0 |      2 |    137 |   2 |  176.0 |
      Ice Cave |   1033 |   1033 |      0 |    277 |    489 |   1 | 1033.0 |
      Gauntlet |    803 |    803 |      0 |     98 |    322 |   1 |  803.0 |
               +--------+--------+--------+--------+--------+-----+--------+

Top non-repeatable levels by time:
  Lair:5: 3217 daAuts
  Lair:2: 1881 daAuts
   Elf:1: 1517 daAuts
    D:13: 1496 daAuts
    D:14: 1490 daAuts
  Lair:4: 1478 daAuts
   Elf:2: 1432 daAuts
   Orc:2: 1371 daAuts
    D:12: 1353 daAuts
     D:8: 1306 daAuts
  Lair:1: 1201 daAuts
  Lair:3: 1140 daAuts
     D:9: 1081 daAuts
     D:5: 1036 daAuts
   IceCv: 1033 daAuts
